 Dungeon Crawl Stone Soup version 0.21.1-1-g345015f (webtiles) character file.

555 Oakkom the Magician (level 7, -16/36 HPs)
             Began as a Deep Elf Wizard on Mar 25, 2018.
             Was an Initiate of Sif Muna.
             Shot with an arrow by a centaur (17 damage)
             ... on level 5 of the Dungeon on Mar 26, 2018.
             The game lasted 01:32:05 (6304 turns).

Oakkom the Magician (Deep Elf Wizard)               Turns: 6304, Time: 01:32:10

Health: -16/36     AC:  6    Str:  5    XL:     7   Next: 8%
Magic:  5/18       EV: 11    Int: 24    God:    Sif Muna [......]
Gold:   378        SH:  0    Dex: 13    Spells: 9/18 levels left

rFire    x . .     SeeInvis .   h - +1 dagger
rCold    + . .     Gourm    .   (no shield)
rNeg     . . .     Faith    .   o - +0 robe
rPois    .         Spirit   .   q - +2 helmet
rElec    .         Reflect  .   g - +0 cloak
rCorr    .         Harm     .   (no gloves)
MR       .....                  (no boots)
Stlth    ++........             (no amulet)
HPRegen  0.12/turn              n - ring of ice
MPRegen  0.16/turn              (no ring)

@: no status effects
A: inability to train dodging
a: Renounce Religion


You were on level 5 of the Dungeon.
You worshipped Sif Muna.
Sif Muna was noncommittal.
You were not hungry.

You visited 2 branches of the dungeon, and saw 6 of its levels.

You collected 378 gold pieces.

Inventory:

Hand Weapons
 h - a +1 dagger (weapon)
 k - a +0 spear
 D - the +6 whip "Cututyck" {pain, rElec rC+++ Int-4 Dex+3}
   (You found it on level 4 of the Dungeon)

   In the hands of one skilled in necromantic magic, it inflicts extra damage on
   living creatures.
   It affects your intelligence (-4).
   It affects your dexterity (+3).
   It renders you almost immune to cold.
   It insulates you from electricity.
Missiles
 f - 92 stones (quivered)
 i - 82 sling bullets
 j - 40 bolts
 p - 15 poisoned needles
 B - 42 arrows
Armour
 a - a +0 robe
 b - a +0 hat
 e - a +0 buckler
 g - a +0 cloak (worn)
 o - a +0 robe (worn)
 q - a +2 helmet (worn)
 u - a cursed +0 ring mail
Jewellery
 n - a ring of ice (left hand)
 A - an uncursed amulet of rage
Scrolls
 l - a scroll of fog
 t - 3 scrolls of remove curse
 v - 3 scrolls of teleportation
Potions
 m - a potion of haste
 r - a potion of agility {unknown}
 s - a potion of resistance {unknown}
 z - 2 potions of brilliance {unknown}
Books
 c - a book of Minor Magic

   Spells                             Type                      Level
   a - Magic Dart                     Conjuration                  1
   b - Blink                          Translocation                2
   c - Call Imp                       Summoning                    2
   d - Slow                           Hexes                        2
   e - Conjure Flame                  Conjuration/Fire             3
   f - Mephitic Cloud                 Conjuration/Poison/Air       3
 x - a book of Party Tricks

   Spells                             Type                      Level
   a - Summon Butterflies             Summoning                    1
   b - Apportation                    Translocation                1
   c - Lesser Beckoning               Translocation                3
   d - Tukima's Dance                 Hexes                        3
   e - Alistair's Intoxication        Transmutation/Poison         5
   f - Invisibility                   Hexes                        6
Comestibles
 d - 7 rations


   Skills:
 - Level 1.3 Short Blades
 - Level 3.3 Stealth
 - Level 6.0 Spellcasting
 * Level 5.1 Conjurations
 + Level 3.2 Summonings
   Level 1.1 Translocations
 + Level 2.7 Air Magic


You had 9 spell levels left.
You knew the following spells:

 Your Spells              Type           Power        Failure   Level  Hunger
a - Magic Dart            Conj           ####         1%          1    None
b - Call Imp              Summ           ###.....     3%          2    None
c - Mephitic Cloud        Conj/Pois/Air  ###.....     9%          3    #......
d - Conjure Flame         Conj/Fire      ###.....     9%          3    #......


Dungeon Overview and Level Annotations

Branches:
Dungeon (5/15)             Temple (1/1) D:4

Altars:
Ashenzari
Cheibriados
Dithmenos
Elyvilon
Fedhas
Gozag
Hepliaklqana
Kikubaaqudgha
Makhleb
Nemelex Xobeh
Okawaru
Qazlal
Ru
Sif Muna
Trog
Uskayaw
Vehumet
Wu Jian
Xom
Yredelemnul
Zin
The Shining One
Beogh


Innate Abilities, Weirdness & Mutations

You cannot train Dodging skill.


Message History

The centaur shoots an arrow.
The arrow hits your crimson imp!
Your crimson imp hits the centaur but does no damage.
The centaur shoots an arrow.
The arrow completely misses your crimson imp.
The arrow hits you.
* * * LOW HITPOINT WARNING * * *
Casting: Call Imp
Confirm with . or Enter, or press ? or * to list all spells.
Aiming: Magic Dart
Press: ? - help, Shift-Dir - straight line, f/p - centaur
Aim: a centaur, wielding a shortbow (severely wounded) Really fire in your crimson imp's direction?
Okay, then.
Casting: Magic Dart
Confirm with . or Enter, or press ? or * to list all spells.
A beastly little devil appears in a puff of frigid air.
The centaur shoots an arrow.
The arrow closely misses your crimson imp.
The arrow hits you!
You die...

###### #.....
#########
##.....####((@.5..#
.......5(5c5###..##
..?....########.##
##..... #..# #.....
##.## #..... #..#
###### ####.##
###....#
#######...####


You could see a centaur, 3 friendly crimson imps and a friendly white imp.

Vanquished Creatures
  A gnoll (D:1)
  4 adders
  An ooze (D:4)
  4 dart slugs
  2 leopard geckos
  4 orcs
  A ball python (D:3)
  5 bats
  2 giant cockroaches
  10 goblins
  A hobgoblin (D:3)
  3 jackals (D:4)
  A kobold (D:1)
  2 frilled lizards
  6 rats
47 creatures vanquished.

Vanquished Creatures (collateral kills)
  The ghost of MollyMolluskus the Cutter, a novice OpFi (D:4)
  An ogre (D:4)
  A scorpion (D:4)
  A howler monkey (D:4)
  2 orc wizards
  3 orc priests
  A bullfrog skeleton (D:4)
  Natasha (thrice) (D:2)
  A mummy (D:4)
  5 adders
  3 gnolls (D:5)
  An adder skeleton (D:4)
  3 worms
  3 leopard geckos
  13 orcs
  2 goblins
  2 hobgoblins
  A quokka (D:3)
  A ball python (D:4)
  A bat (D:2)
  A frilled lizard (D:3)
  A kobold (D:3)
  A quokka skeleton (D:5)
  A rat (D:2)
53 creatures vanquished.

Grand Total: 100 creatures vanquished

Notes
Turn   | Place    | Note
-------+----------+-------------------------------------------
     0 | D:1      | Oakkom the Deep Elf Wizard began the quest for the Orb.
     0 | D:1      | Reached XP level 1. HP: 10/10 MP: 7/7
   181 | D:1      | Reached XP level 2. HP: 9/15 MP: 3/9
   232 | D:1      | Reached skill level 5 in Spellcasting
   296 | D:1      | Learned a level 2 spell: Call Imp
   992 | D:2      | Reached XP level 3. HP: 16/19 MP: 11/11
  1110 | D:2      | Found an iron altar of Okawaru.
  1113 | D:2      | Found a basalt altar of Yredelemnul.
  1149 | D:2      | Found an ornate altar of the Wu Jian Council.
  1158 | D:2      | Found a hide-covered altar of Uskayaw.
  1185 | D:2      | Noticed Natasha
  1199 | D:2      | Killed Natasha
  1465 | D:2      | Found a faded altar of an unknown god.
  1470 | D:2      | Became a worshipper of Ru the Awakened
  1490 | D:2      | Gained mutation: You cannot train Dodging skill. [Ru sacrifice]
  1490 | D:2      | Reached * piety under Ru
  1524 | D:2      | Noticed Natasha
  2169 | D:2      | Killed Natasha
  2286 | D:2      | Reached skill level 1 in Short Blades
  2289 | D:2      | Reached XP level 4. HP: 24/24 MP: 2/13
  2468 | D:2      | Noticed Natasha
  2500 | D:2      | HP: 1/24 [Natasha (5)]
  2503 | D:2      | Killed Natasha
  2863 | D:2      | Reached skill level 6 in Spellcasting
  3144 | D:2      | Learned a level 3 spell: Mephitic Cloud
  3157 | D:2      | Learned a level 3 spell: Conjure Flame
  3552 | D:3      | Reached XP level 5. HP: 28/28 MP: 11/15
  4039 | D:3      | Found a roughly hewn altar of Beogh.
  4053 | D:3      | Reached skill level 1 in Air Magic
  4276 | D:3      | You fall through a shaft!
  4737 | D:4      | Found a staircase to the Ecumenical Temple.
  4737 | D:4      | Reached XP level 6. HP: 32/32 MP: 13/17
  4738 | D:4      | Noticed MollyMolluskus's ghost (novice OpFi)
  4785 | D:4      | Killed MollyMolluskus's ghost
  5402 | D:4      | Got a transparent whip
  5403 | D:4      | Identified the +6 whip "Cututyck" {pain, rElec rC+++ Int-4 Dex+3} (You found it on level 4 of the Dungeon)
  5469 | D:4      | Reached skill level 5 in Conjurations
  5469 | D:4      | Reached XP level 7. HP: 33/36 MP: 9/18
  5495 | D:4      | Found a sparkling altar of Nemelex Xobeh.
  5520 | Temple   | Entered the Ecumenical Temple
  5541 | Temple   | Fell from the grace of Ru
  5541 | Temple   | Became a worshipper of Sif Muna the Loreminder
  6200 | D:5      | Entered Level 5 of the Dungeon
  6303 | D:5      | HP: 1/36 [centaur/arrow (6)]
  6304 | D:5      | Shot with an arrow by a centaur

Skill      XL: |  1  2  3  4  5  6 |
---------------+-------------------+-----
Spellcasting   | 5 6 |  6.0
Stealth        | 3 |  3.3
Dodging        | 0 |  0.0
Short Blades   | 1 |  1.3
Conjurations   | 2 3 5 |  5.1
Air Magic      | 1 2 |  2.7
Summonings     | 2 3 |  3.2
Translocations | |  1.1

Action                   |  1- 3 |  4- 6 |  7- 9 || total
-------------------------+-------+-------+-------++-------
Melee: Unarmed           |     3 |       |       ||     3
       Dagger            |    24 |    30 |     5 ||    59
Throw: Stone             |       |     2 |       ||     2
 Cast: Magic Dart        |    37 |    52 |    10 ||    99
       Call Imp          |    21 |    64 |    11 ||    96
       Mephitic Cloud    |       |     3 |       ||     3
Invok: Sacrifice Nimblen |     1 |       |       ||     1
  Use: Scroll            |     4 |     6 |     1 ||    11
       Potion            |       |     4 |       ||     4
 Stab: Sleeping          |     1 |       |       ||     1
       Distracted        |       |     1 |       ||     1
  Eat: Chunk             |     2 |     5 |       ||     7
       Ration            |     1 |     1 |     1 ||     3
Armor: Robe              |    15 |    16 |     5 ||    36
Dodge: Dodged            |    43 |    45 |     9 ||    97
